 Dungeon Crawl Stone Soup version 0.18.1-8-gdd0e5ea (webtiles) character file.

927 Quirk the Skirmisher (level 7, -3/55 (56) HPs)
             Began as a Demonspawn Gladiator on May 23, 2016.
             Was a Follower of Okawaru.
             Slain by a sky beast (6 damage)
             ... on level 6 of the Dungeon.
             The game lasted 00:09:45 (4635 turns).

Quirk the Skirmisher (Demonspawn Gladiator)         Turns: 4635, Time: 00:09:45

HP:   -3/55 (56)    AC:  8    Str: 16    XL:     7   Next: 85%
MP:   7/7           EV: 18    Int: 12    God:    Okawaru [*.....]
Gold: 110           SH:  0    Dex: 24    Spells: 0 memorised, 6 levels left

rFire  x . .     SeeInvis .     q - +1 hand axe (elec)
rCold  + + +     Gourm    .     o - +1 scale mail {rC+}
rNeg   . . .     Faith    .     (no shield)
rPois  .         Spirit   .     p - +0 helmet {Int+3}
rElec  .         Dismiss  .     (no cloak)
rCorr  +         Reflect  .     (no gloves)
SustAt .         Harm     .     (no boots)
MR     .....                    (no amulet)
Stlth  ++++......               x - ring of resist corrosion
                                m - ring of ice

@: agile, not resistant to hostile enchantments, stealthy
A: talons 1, thin skeletal structure 2, cold resistance 1, powered by death 1
a: Heroism, Renounce Religion


You were on level 6 of the Dungeon.
You worshipped Okawaru.
Okawaru was aware of your devotion.
You were very hungry.

You visited 2 branches of the dungeon, and saw 7 of its levels.

You collected 200 gold pieces.
You spent 90 gold pieces at shops.

Inventory:

Hand Weapons
 a - a +1 war axe
 q - a +1 hand axe of electrocution (weapon)
Missiles
 d - 3 throwing nets (quivered)
Armour
 o - a +1 scale mail of cold resistance (worn)
 p - a +0 helmet of intelligence (worn)
Jewellery
 m - a ring of ice (left hand)
 n - an uncursed ring of magical power
 x - a ring of resist corrosion (right hand)
Wands
 u - a wand of disintegration (10/24)
Scrolls
 e - 2 scrolls of teleportation
 g - 3 scrolls of remove curse
 h - a scroll of magic mapping
 i - a scroll of blinking {unknown}
 k - 2 scrolls of enchant weapon
 r - a scroll of noise {unknown}
 v - a scroll of identify {unknown}
 y - a scroll of recharging {unknown}
 z - 3 scrolls of enchant armour {unknown}
Potions
 b - a potion of lignification {unknown}
 c - a potion of curing {unknown}
 j - a potion of brilliance {unknown}
 s - a potion of agility
 t - a potion of beneficial mutation {unknown}
 w - a potion of resistance {unknown}
 A - a potion of heal wounds {unknown}
Comestibles
 f - 4 bread rations
 l - 3 meat rations


   Skills:
 * Level 5.2 Fighting
 + Level 4.0 Axes
 - Level 1.7 Throwing
 + Level 3.0 Armour
 + Level 4.6 Dodging
 + Level 3.6 Stealth


You had 6 spell levels left.
You didn't know any spells.

Dungeon Overview and Level Annotations

Branches:
Dungeon (6/15)             Temple (1/1) D:4

Altars:
Ashenzari
Elyvilon
Fedhas
Gozag
Kikubaaqudgha
Makhleb
Nemelex Xobeh
Okawaru
Pakellas
Qazlal
Ru
Sif Muna
Trog
Vehumet
Xom
Yredelemnul
Zin
The Shining One

Shops:
D:4 *[(


Innate Abilities, Weirdness & Mutations

You have sharp toenails.
You have a moderately thin skeletal structure (Dex +4, Stealth+).
Your flesh is cold resistant.
You regenerate a little health from kills.


Message History

The sky beast is lightly wounded.
The gnoll sergeant hits you with a trident.
The sky beast hits you. The sky beast shocks you.
* * * LOW HITPOINT WARNING * * *
Your scale mail prevents you from hitting the gnoll sergeant.
Your kick misses the gnoll sergeant.
The gnoll sergeant is almost dead.
You hit the sky beast.
The sky beast is lightly wounded.
The gnoll sergeant hits you with a trident!
* * * LOW HITPOINT WARNING * * *
The sky beast hits you but does no damage.
Unknown command.
Drink which item? (? for menu, Esc to quit)
It was a potion of agility.
You feel agile all of a sudden. The sky beast hits you.
* * * LOW HITPOINT WARNING * * *
The sky beast shocks you.
You die...

##### #.## .... ...#
###..## ....# #%.
#.....####....#
#..###..?..#........
#.....<....#........
#.. #.....#........
#..###.)....@g......
####........)).Y.......
#....>#.###.##)..%.....
.##..<## #.##.........
#..## #.###........
#... #.# #........ #...
#.# #####.... ..... #.#
..## #..... ..


You could see a sky beast and a gnoll sergeant.

Vanquished Creatures
  The ghost of Beholder179 the Vexing, an amateur TrAM of Jiyva (D:4)
  A necrophage (D:5)
  2 centaurs
  2 crimson imps (D:5)
  A giant frog zombie (D:5)
  A centaur zombie (D:5)
  2 hounds
  A giant frog skeleton (D:4)
  An iguana (D:5)
  An orc wizard (D:3)
  A worker ant (D:4)
  5 gnolls (D:6)
  8 adders
  A shadow imp (D:5)
  An ooze (D:1)
  4 worms
  A dart slug (D:4)
  4 giant geckos
  5 orcs
  12 bats
  8 giant cockroaches
  9 goblins
  5 hobgoblins
  4 jackals (D:3)
  2 quokkas (D:3)
  A giant gecko skeleton (D:4)
  2 giant newts
  10 kobolds
  5 rats
101 creatures vanquished.

Notes
Turn   | Place    | Note
--------------------------------------------------------------
     0 | D:1      | Quirk the Demonspawn Gladiator began the quest for the Orb.
     0 | D:1      | Reached XP level 1. HP: 16/16 MP: 1/1
   115 | D:1      | Gained mutation: You have a somewhat thin skeletal structure (Dex +2, Stealth). [demonic ancestry]
   115 | D:1      | Reached XP level 2. HP: 12/22 MP: 2/2
   858 | D:2      | Reached skill level 1 in Stealth
   858 | D:2      | Gained mutation: Your flesh is cold resistant. [demonic ancestry]
   858 | D:2      | Reached XP level 3. HP: 14/28 MP: 3/3
   880 | D:2      | Reached skill level 1 in Armour
  1228 | D:2      | Found a glowing silver altar of Zin.
  1238 | D:2      | Found a blossoming altar of Fedhas.
  1252 | D:2      | Found a basalt altar of Yredelemnul.
  1257 | D:2      | Found an opulent altar of Gozag.
  1577 | D:2      | Gained mutation: You regenerate a little health from kills. [demonic ancestry]
  1577 | D:2      | Reached XP level 4. HP: 20/34 MP: 4/4
  1604 | D:2      | Found a radiant altar of Vehumet.
  2199 | D:3      | Reached skill level 3 in Fighting
  2620 | D:3      | Gained mutation: You have sharp toenails. [demonic ancestry]
  2620 | D:3      | Reached XP level 5. HP: 41/41 MP: 5/5
  2854 | D:4      | Found Hozets's Assorted Antiques.
  2888 | D:4      | Noticed Beholder179's ghost (amateur TrAM)
  2936 | D:4      | Killed Beholder179's ghost
  2936 | D:4      | Gained mutation: You have a moderately thin skeletal structure (Dex +4, Stealth+). [demonic ancestry]
  2936 | D:4      | Reached XP level 6. HP: 32/48 MP: 6/6
  2976 | D:4      | Found a glowing golden altar of the Shining One.
  3025 | D:4      | Reached skill level 4 in Fighting
  3044 | D:4      | Found a staircase to the Ecumenical Temple.
  3053 | Temple   | Entered the Ecumenical Temple
  3322 | Temple   | Became a worshipper of Warmaster Okawaru
  3418 | D:4      | Found Qeetadde's Antique Armour Boutique.
  3438 | D:4      | Bought a shiny helmet for 90 gold pieces
  3469 | D:4      | Found Qooph's Antique Weapon Shoppe.
  3526 | D:4      | Found a burning altar of Makhleb.
  3918 | D:5      | Entered Level 5 of the Dungeon
  3959 | D:5      | Reached XP level 7. HP: 55/55 MP: 7/7
  4079 | D:5      | Found a shattered altar of Ashenzari.
  4137 | D:5      | Reached * piety under Okawaru
  4244 | D:5      | Reached skill level 5 in Fighting
  4635 | D:6      | Slain by a sky beast

Skill      XL: |  1  2  3  4  5  6  7 |
---------------+----------------------+-----
Stealth        | 1 2 3 |  3.6
Armour         | 1 2 3 |  3.0
Axes           | 3 4 |  4.0
Dodging        | 3 4 |  4.6
Fighting       | 3 4 5 |  5.2
Throwing       | |  1.7

Action                   |  1- 3 |  4- 6 |  7- 9 || total
-------------------------+-------+-------+-------++-------
Melee: War axe           |    95 |    34 |       ||   129
       Hand axe          |       |   121 |    56 ||   177
       Kick              |       |    28 |    27 ||    55
  Use: Scroll            |     4 |       |       ||     4
       Potion            |       |       |     1 ||     1
 Stab: Sleeping          |     4 |     4 |     1 ||     9
  Eat: Chunk             |     2 |     8 |     1 ||    11
Armor: Ring mail         |    22 |       |       ||    22
       Leather armour    |     2 |       |       ||     2
       Scale mail        |    12 |    71 |    25 ||   108
Dodge: Dodged            |    81 |    82 |    36 ||   199
